 Dungeon Crawl Stone Soup version 0.21.1-1-g345015fe64 (webtiles) character file.

191 Gargoyl the Skirmisher (level 5, 0/45 HPs)
             Began as a Centaur Abyssal Knight on Mar 23, 2018.
             Was a Believer of Lugonu.
             Slain by a slave (1 damage)
             ... led by Pikel
             ... on level 5 of the Dungeon.
             The game lasted 00:05:02 (2551 turns).

Gargoyl the Skirmisher (Centaur Abyssal Knight)     Turns: 2551, Time: 00:05:02

Health: 0/45       AC:  9    Str: 12 (14) XL:     5   Next: 41%
Magic:  7/7        EV:  3    Int: 11      God:    Lugonu [**....]
Gold:   106        SH:  7    Dex: 10      Spells: 4/4 levels left

rFire    . . .     SeeInvis .   k - +0 war axe
rCold    . . .     Gourm    .   f - +0 shield
rNeg     . . .     Faith    .   d - +0 chain mail
rPois    .         Spirit   .   i - +2 hat
rElec    .         Reflect  .   (no cloak)
rCorr    .         Harm     .   (no gloves)
MR       .....                  (no barding)
Stlth    ..........             (no amulet)
HPRegen  0.15/turn              n - +2 ring of evasion
MPRegen  0.10/turn              (no ring)

@: berserk cooldown, slowed
A: large, hooves 3, deformed body, speed 2, tough skin 3
a: Depart the Abyss, Bend Space, Renounce Religion


You were on level 5 of the Dungeon.
You worshipped Lugonu.
Lugonu was pleased with you.
You were hungry.

You visited 1 branch of the dungeon, and saw 5 of its levels.
You visited the Abyss 1 time.

You collected 106 gold pieces.

Inventory:

Hand Weapons
 j - a +3 falchion
 k - a +0 war axe (weapon)
Armour
 d - a +0 chain mail (worn)
 f - a +0 shield (worn)
 i - a +2 hat (worn)
Jewellery
 n - a +2 ring of evasion (left hand)
Wands
 m - a wand of scattershot (5)
Scrolls
 e - 4 scrolls of identify
 h - 3 scrolls of teleportation
 o - a scroll of magic mapping {unknown}
Potions
 a - a potion of agility
 g - a potion of degeneration
Comestibles
 c - 5 rations


   Skills:
 + Level 3.5 Fighting
 + Level 3.2 Axes
 * Level 2.3 Armour
 + Level 1.0 Dodging
 + Level 1.1 Shields
 * Level 3.0 Invocations


You had 4 spell levels left.
You didn't know any spells.

Dungeon Overview and Level Annotations

Branches:
Dungeon (6/15)
 Temple: D:4-7

Altars:
Makhleb
Vehumet
Yredelemnul

Annotations:
D:3 1 runed door


Innate Abilities, Weirdness & Mutations

You have hooves in place of feet.
Armour fits poorly on your strangely shaped body.
You cover ground very quickly.
You have extremely tough skin. (AC +3)


Message History

The hound is heavily wounded.
You hit the slave. You block the hound's attack. The slave hits you!
* * * LOW HITPOINT WARNING * * *
The hound bites you but does no damage. x2
The slave hits you but does no damage. The hound bites you but does no damage.
The slave hits you.
* * * LOW HITPOINT WARNING * * *
You hit the hound. Your kick misses the hound.
The hound is almost dead.
You closely miss the slave.
The hound bites you but does no damage. x2
You block the slave's attack. The hound bites you but does no damage.
You block the slave's attack.
Unknown command.
Okay, then.
You fail to use your ability.
The hound bites you.
* * * LOW HITPOINT WARNING * * *
The slave hits you.
* * * LOW HITPOINT WARNING * * *
The hound bites you but does no damage. x2; The slave hits you.
You die...

#.###...#
##...#.#..
##.........
#...$....#
#.....[..##
#..........
##.p...##
#..@h...#
#.......#
#!......#
##.....##
##...##
#####


You could see a slave and a hound.

Vanquished Creatures
  A bullfrog (D:6)
  A hound (D:3)
  An orc wizard (D:6)
  Robin (D:3)
  3 worms
  3 giant cockroaches
  13 goblins
  12 hobgoblins
  3 kobolds
  7 bats
  7 frilled lizards
  4 rats
  A toadstool (D:1)
57 creatures vanquished.

Vanquished Creatures (others)
  3 toadstools (D:1)
3 creatures vanquished.

Grand Total: 60 creatures vanquished

Notes
Turn   | Place    | Note
-------+----------+-------------------------------------------
     0 | Abyss:1  | Gargoyl the Centaur Abyssal Knight began the quest for the Orb.
     0 | Abyss:1  | Reached XP level 1. HP: 19/19 MP: 2/2
   267 | D:1      | Escaped the Abyss
   438 | D:1      | Reached * piety under Lugonu
   502 | D:1      | Reached XP level 2. HP: 26/26 MP: 3/3
   939 | D:2      | Found a faded altar of an unknown god.
   999 | D:2      | Found a basalt altar of Yredelemnul.
  1032 | D:2      | Reached XP level 3. HP: 31/31 MP: 4/4
  1233 | D:2      | Reached ** piety under Lugonu
  1321 | D:2      | Found a radiant altar of Vehumet.
  1933 | D:3      | Noticed Robin
  1945 | D:3      | Killed Robin
  1945 | D:3      | Reached XP level 4. HP: 18/38 MP: 5/5
  2213 | D:3      | Found a burning altar of Makhleb.
  2418 | D:3      | Found a runed door.
  2477 | D:3      | You fall through a shaft for 3 floors!
  2484 | D:6      | Noticed a bullfrog
  2523 | D:6      | Killed a bullfrog
  2523 | D:6      | Reached skill level 1 in Dodging
  2523 | D:6      | Reached skill level 1 in Shields
  2523 | D:6      | Reached XP level 5. HP: 12/45 MP: 5/7
  2541 | D:6      | Noticed a slave
  2543 | D:6      | Noticed a slave
  2546 | D:6      | Noticed a slave
  2547 | D:6      | Noticed a slave
  2547 | D:5      | Entered Level 5 of the Dungeon
  2551 | D:5      | HP: 2/45 [hound (2)]
  2551 | D:5      | Slain by a slave

Skill      XL: |  1  2  3  4 |
---------------+-------------+-----
Axes           | 2 3 |  3.2
Armour         | 2 |  2.3
Dodging        | 1 |  1.0
Shields        | 1 |  1.1
Invocations    | 3 |  3.0
Fighting       | |  3.5

Action                   |  1- 3 |  4- 6 || total
-------------------------+-------+-------++-------
Melee: Hand axe          |    62 |       ||    62
       Kick              |    21 |     5 ||    26
       War axe           |    65 |    48 ||   113
Invok: Depart the Abyss  |     1 |       ||     1
  Use: Potion            |     1 |     7 ||     8
       Scroll            |     6 |       ||     6
  Eat: Chunk             |     2 |     1 ||     3
Armor: Chain mail        |   151 |    48 ||   199
       Skin              |       |    26 ||    26
Dodge: Dodged            |    19 |     9 ||    28
Block: Shield            |    60 |    26 ||    86
